 Dungeon Crawl Stone Soup version 0.23-a0-175-g97aacdb306 (webtiles) character file.

11 Holzbalken the Cudgeler (level 2, 0/22 HPs)
             Began as a Demonspawn Gladiator on Sept 16, 2018.
             Slain by a goblin
             ... wielding a cursed -1 dagger
              (2 damage)
             ... on level 1 of the Dungeon.
             The game lasted 00:00:52 (153 turns).

Holzbalken the Cudgeler (Demonspawn Gladiator)       Turns: 153, Time: 00:00:53

Health: 0/22       AC:  6    Str: 14    XL:     2   Next: 13%
Magic:  2/2        EV: 12    Int:  9    God:
Gold:   13         SH:  0    Dex: 14    Spells: 1/1 levels left

rFire    . . .     SeeInvis .   a - +0 flail
rCold    . . .     Gourm    .   (no shield)
rNeg     . . .     Faith    .   b - +0 leather armour
rPois    .         Spirit   .   c - +0 helmet
rElec    .         Reflect  .   (no cloak)
rCorr    .         Harm     .   h - +1 pair of gloves
MR       .....                  (no boots)
Stlth    +.........             (no amulet)
HPRegen  0.07/turn              (no ring)
MPRegen  0.08/turn              (no ring)

@: no status effects
A: hooves 1
a: no special abilities


You were on level 1 of the Dungeon.
You were not hungry.

You visited 1 branch of the dungeon, and saw 1 of its levels.

You collected 13 gold pieces.

Inventory:

Hand Weapons
 a - a +0 flail (weapon)
Missiles
 d - 3 throwing nets (quivered)
Armour
 b - a +0 leather armour (worn)
 c - a +0 helmet (worn)
 h - a +1 pair of gloves (worn)
Scrolls
 e - a scroll of blinking {unknown}
Potions
 g - 2 potions of degeneration {unknown}
Comestibles
 f - a ration


   Skills:
 - Level 2.0 Fighting
 + Level 3.3 Maces & Flails
 - Level 1.7 Throwing
 - Level 2.6 Dodging


You had one spell level left.
You didn't know any spells.
Your spell library was empty.

Dungeon Overview and Level Annotations

Branches:
Dungeon (1/15)

Altars:


Innate Abilities, Weirdness & Mutations

You have large cloven feet.


Message History

* * * LOW HITPOINT WARNING * * *
The hobgoblin hits you with a club.
* * * LOW HITPOINT WARNING * * *
The rat misses you. The goblin hits you but does no damage.
The hobgoblin barely misses you. The rat barely misses you.
The hobgoblin barely misses you. The goblin barely misses you.
The hobgoblin closely misses you. The rat barely misses you.
The goblin barely misses you. The hobgoblin misses you.
The hobgoblin completely misses you. The rat bites you but does no damage.
The goblin closely misses you.
The hobgoblin hits you but does no damage.
The hobgoblin closely misses you. The rat misses you.
The goblin closely misses you.
The hobgoblin hits you but does no damage.
The hobgoblin closely misses you. The rat barely misses you.
The goblin hits you but does no damage.
The hobgoblin hits you but does no damage.
The hobgoblin barely misses you. The rat bites you but does no damage.
The goblin hits you with a dagger.
You die...

##...### ......#
..>#.## ### # .....
...# #.#.# ###.###
#.#.## #.....#
#.##.#....####.# #.###
......r@g......###...#
#...##gg..###...##.#.#
. .......## #......#.#
...####.# #...####g#
... ..# ##.## #.# #.
##.# #.# #.# # #.# #.#
#.# #.# #.# #.# #.#
#.#


You could see 2 hobgoblins, a goblin and a rat.

Vanquished Creatures
  2 dart slugs (D:1)
  2 bats (D:1)
  A hobgoblin (D:1)
  A kobold (D:1)
6 creatures vanquished.

Notes
Turn   | Place    | Note
-------+----------+-------------------------------------------
     0 | D:1      | Holzbalken the Demonspawn Gladiator began the quest for the
                  | Orb.
     0 | D:1      | Reached XP level 1. HP: 16/16 MP: 1/1
    31 | D:1      | Reached skill level 3 in Maces & Flails
    40 | D:1      | Gained mutation: You have large cloven feet. [demonic
                  | ancestry]
    40 | D:1      | Reached XP level 2. HP: 22/22 MP: 2/2
   147 | D:1      | HP: 1/22 [hobgoblin/club (3)]
   153 | D:1      | Slain by a goblin

Vault maps used:
D:1:      dpeg_arrival_ternary

Skill      XL: |  1 |
---------------+----+-----
Maces & Flails | 3 |  3.3
Fighting       | |  2.0
Throwing       | |  1.7
Dodging        | |  2.6

Action                   || total
-------------------------++-------
Melee: Flail             ||    17
Armor: Leather armour    ||    15
Dodge: Dodged            ||    52

Table legend:
 A = Non-vault XP
 B = Vault XP
 C = Vault XP percentage of total XP
 D = Non-vault monster count
 E = Vault monster count
 F = Vault count percentage of total count
                 A         B        C        D         E       F
            +---------+---------+-------+---------+---------+-------
      Total |      16 |       0 |   0.0 |       6 |       0 |   0.0
            +---------+---------+-------+---------+---------+-------
        D:1 |      16 |       0 |   0.0 |       6 |       0 |   0.0
            +---------+---------+-------+---------+---------+-------
